 Dungeon Crawl Stone Soup version 0.31-a0-236-g9a0961fb85 (webtiles) character file.

Game seed: 14466732285689882798

270 sakkuzi the Grave Robber (level 6, -11/45 HPs)
             Began as a Ghoul Necromancer on July 10, 2023.
             Mangled by Pikel
             ... wielding a +2 whip of freezing
              (12 damage)
             ... on level 4 of the Dungeon.
             The game lasted 00:14:28 (3594 turns).

sakkuzi the Grave Robber (Ghoul Necromancer)        Turns: 3594, Time: 00:14:29

Health: -11/45     AC:  4    Str: 12    XL:     6   Next: 22%
Magic:  6/9        EV: 12    Int: 13    God:
Gold:   221        SH:  5    Dex:  9    Spells: 6/10 levels left

rFire   . . .        j - +7 staff of the Meek {protect, meekguard}
rCold   + . .        (shield currently unavailable)
rNeg    + + +        i - +1 toga "Victory" {*Victory Int+1 Slay+1 Clar}
rPois   ∞            (no helmet)
rElec   .            (no cloak)
rCorr   .            q - +0 pair of gloves
SInv    .            (no boots)
Will    .....        h - amulet of reflection
Stlth   ++           (no ring)
HPRegen 0.00/turn    (no ring)
MPRegen 0.11/turn

%: reflection, clarity
@: inhibited regen
A: claws 1, cold resistance 1, negative energy resistance 3, inhibited
regeneration, torment resistance 2, devour on kill
a: no special abilities


You were on level 4 of the Dungeon.
You visited 1 branch of the dungeon, and saw 4 of its levels.

You collected 221 gold pieces.

Inventory:

Hand Weapons
 j - the +7 staff of the Meek (weapon) {protect, meekguard}
   (You found it on level 2 of the Dungeon)
Missiles
 c - 6 poisoned darts (quivered)
 k - a throwing net
Armour
 a - a +0 robe
 i - the +1 toga "Victory" (worn) {*Victory Int+1 Slay+1 Clar}
   (You found it on level 2 of the Dungeon)

   *Victory:  When the wearer kills a threatening monster, it has a chance to
   gain +1 AC, +1 Slay, and +1 Int, capping at +7.
   When the wearer uses a scroll or a potion with a hostile monster in sight,
   its bonuses reset to +0.
   Unequipping it also resets its bonuses to +0.
   Int:       It affects your intelligence (+1).
   Slay:      It affects your accuracy & damage with ranged weapons and melee
   (+1).
   Clar:      It protects you from confusion, rage, mesmerisation and fear.
 q - a +0 pair of gloves (worn)
 t - a +0 buckler
Jewellery
 h - an amulet of reflection (around neck)
 m - an amulet of guardian spirit
 o - an amulet of faith
Scrolls
 d - 2 scrolls of fog {unknown}
 f - a scroll of torment {unknown}
 p - a scroll of fear {unknown}
 r - a scroll of identify {unknown}
 v - a scroll of noise {unknown}
Potions
 b - a potion of magic
 e - a potion of curing {unknown}
 g - 3 potions of haste {unknown}
 l - a potion of brilliance {unknown}
 n - 3 potions of might {unknown}
 s - a potion of heal wounds {unknown}
 u - a potion of lignification {unknown}


   Skills:
 + Level 1.5 Staves
 + Level 2.9 Dodging
 - Level 2.3 Stealth
 - Level 2.1 Unarmed Combat
 + Level 2.6 Spellcasting
 * Level 5.4 Necromancy


You had 6 spell levels left.
You knew the following spells:

 Your Spells              Type           Power      Damage    Failure   Level
a - Necrotise             Necr           60%        1d7       2%          1
b - Vampiric Draining     Necr           15%        2d7       8%          3

Your spell library contained the following spells:

 Spells                   Type           Power      Damage    Failure   Level
 Cigotuvi's Dreadful Rot  Necr/Pois/Air  12%        N/A       17%         2
 Shock                    Conj/Air       4%         1d3       24%         1
 Animate Dead             Necr           15%        N/A       26%         4
 Ensorcelled Hibernation  Hex/Ice        2%         N/A       34%         2
 Passwall                 Tmut/Erth      0%         N/A       34%         2
 Swiftness                Air            1%         N/A       56%         3
 Volatile Blastmotes      Fire/Tloc      2%         2d10      56%         3
 Agony                    Necr           15%        N/A       56%         5
 Anguish                  Hex/Necr       4%         N/A       61%         4
 Fulminant Prism          Conj/Hex       0%         3d5       93%         4
 Iskenderun's Mystic Bla  Conj/Tloc      1%         2d3       93%         4
 Arcjolt                  Conj/Air       0%         1d10      100%        5
 Lee's Rapid Deconstruct  Erth           0%         3d4*      100%        5
 Spider Form              Tmut/Pois      Unusable   N/A       N/A         3

Dungeon Overview and Level Annotations

Branches:
Dungeon (4/15)
 Temple: D:4-7

Altars:
Cheibriados
Hepliaklqana
Trog

Shops:
D:1 (:*

Annotations:
D:4 2 runed translucent doors, Pikel; porpoise's ghost, novice KoHu


Innate Abilities, Weirdness & Mutations

You are immune to poison.
You have sharp fingernails.
Your flesh is cold resistant. (rC+)
You are immune to negative energy. (rN+++)
You do not regenerate when monsters are visible.
You are immune to unholy pain and torment.
You thrive by killing the living.


Message History

The lemure attacks as you move away! The lemure hits you but does no damage.
You closely miss Pikel.
Pikel is moderately wounded.
Pikel misses you. The lemure hits you but does no damage.
You barely miss Pikel.
Pikel is moderately wounded.
Pikel hits you with a +2 whip of freezing!
The lemure barely misses you. You block the ball python's attack.
The ball python grabs you. The ball python constricts you.
Casting: Necrotise (safe; 2% risk of failure)
Confirm with . or Enter, or press ? or * to list all spells.
Aiming: Necrotise (safe; 2% risk of failure)
Press: ? - help, Shift-Dir - straight line, f - ball python, p - Pikel
Aim: a ball python (severely wounded, constricting you, chance to affect: 85%)
The ball python barely resists.
Pikel hits you with a +2 whip of freezing.
* * * LOW HITPOINT WARNING * * *
You block the lemure's attack. You block the ball python's attack.
The ball python constricts you.
Okay, then.
Okay, then.
Okay, then.
You sock the ball python!
Your weapon exudes an aura of protection.
You kill the ball python!
Pikel hits you with a +2 whip of freezing!
* * * LOW HITPOINT WARNING * * *
Pikel freezes you.
* * * LOW HITPOINT WARNING * * *
The lemure hits you but does no damage. Pikel attacks as you move away!
Pikel hits you but does no damage. The lemure attacks as you move away!
The lemure barely misses you. Pikel attacks as you move away!
Pikel barely misses you. Pikel attacks as you move away!
You block Pikel's attack. Pikel attacks as you move away!
Pikel closely misses you. Pikel attacks as you move away!
Pikel closely misses you. Pikel attacks as you move away!
You block Pikel's attack. Pikel attacks as you move away!
Pikel hits you with a +2 whip of freezing!
You die...

.....##.#...#..........##
.......<.##.............#
..##....##.............##
.###..................#~
...#........†.........+B
......................#F
...#......#.#.........##
....#........##.........†
##.##..>@....##..........
...#...K..###)..........
.......5.)###..........#
.......5...............#
.............#.........#
.......5...###....#.....
###...5......##....###.#
#.....##(..?..........
#.....####...##.#.....


You could see Pikel and 4 lemures.

Vanquished Creatures
  A hound (D:4)
  2 gnolls (D:2)
  9 adders
  A worm (D:2)
  5 dart slugs
  2 orcs (D:3)
  9 endoplasms
  3 giant cockroaches
  7 goblins
  13 hobgoblins
  2 quokkas
  10 ball pythons
  6 bats
  6 frilled lizards
  11 kobolds
  9 rats
96 creatures vanquished.

Vanquished Creatures (collateral kills)
  A gnoll (D:2)
  2 adders
  A hobgoblin (D:2)
  A frilled lizard (D:1)
  A kobold (D:2)
  A rat (D:2)
7 creatures vanquished.

Grand Total: 103 creatures vanquished

Notes
Turn   | Place    | Note
-------+----------+-------------------------------------------
     0 | D:1      | sakkuzi the Ghoul Necromancer began the quest for the Orb.
     0 | D:1      | Reached XP level 1. HP: 14/14 MP: 2/2
   159 | D:1      | Reached XP level 2. HP: 19/20 MP: 3/3
   214 | D:1      | Found Pusahofo's Antique Weapon Emporium.
   249 | D:1      | Reached skill level 1 in Unarmed Combat
   286 | D:1      | Found Dugown's Book Boutique.
   441 | D:1      | Reached XP level 3. HP: 26/26 MP: 5/5
   698 | D:1      | Found Uniynyma's Assorted Antiques.
  1380 | D:2      | Reached XP level 4. HP: 33/33 MP: 1/6
  1436 | D:2      | Found the +0 toga "Victory" {*Victory Clar}
  1436 | D:2      | Found the +7 staff of the Meek {protect, meekguard}
  1623 | D:2      | Found a snail-covered altar of Cheibriados.
  2111 | D:2      | Reached XP level 5. HP: 10/38 MP: 2/7
  2460 | D:2      | Reached skill level 1 in Staves
  2463 | D:2      | Reached skill level 5 in Necromancy
  3032 | D:3      | Learned a level 3 spell: Vampiric Draining
  3236 | D:3      | Noticed a moth of wrath
  3239 | D:3      | Found a bloodstained altar of Trog.
  3290 | D:3      | Got the Quarto of Ceraunoscopy
  3312 | D:3      | Found a hazy altar of Hepliaklqana.
  3446 | D:4      | Found a runed translucent door.
  3450 | D:4      | Noticed porpoise's ghost (novice KoHu)
  3461 | D:4      | Reached XP level 6. HP: 45/45 MP: 5/8
  3517 | D:4      | Found a runed translucent door.
  3531 | D:4      | Noticed Pikel
  3580 | D:4      | HP: 2/45 [Pikel/+2 whip of freezing (7)]
  3594 | D:4      | Mangled by Pikel

Illustrated notes

Levels and vault maps discovered:
D:1:      dpeg_arrival_oval, layout_basic, serial_shops, nicolae_shop_scrapyard,
          nicolae_shop_advertising_works [nicolae_subvault_shop_adworks], shop
D:2:      minmay_razor_zed, layout_basic, basic_altar, minmay_pentomino_z4
D:3:      layout_basic, tgw_trog, lemuel_coloured_pillars_altar,
          minmay_liquid_box, kennysheep_generic_room_7
D:4:      layout_cave_pools, ebering_ghost_sewer_f, uniq_pikel

Skill      XL: |  1  2  3  4  5 |
---------------+----------------+-----
Dodging        | 2 |  2.9
Unarmed Combat | 1 2 |  2.1
Spellcasting   | 2 |  2.6
Staves         | 1 |  1.5
Necromancy     | 5 |  5.4
Stealth        | |  2.3

Action                     |  1- 3 |  4- 6 || total
---------------------------+-------+-------++-------
  Melee: Unarmed           |    74 |     2 ||    76
         Punch             |     1 |       ||     1
         Quarterstaff      |       |    77 ||    77
  Throw: Dart              |     2 |       ||     2
   Cast: Necrotise         |    32 |    83 ||   115
   Stab: Sleeping          |     4 |       ||     4
 Armour: Robe              |    12 |    43 ||    55
  Dodge: Dodged            |    42 |    96 ||   138
  Block: Other             |       |    37 ||    37

Table legend: (Time is in decaauts)
 A = Elapsed time spent in this place.
 B = Non-inter-level travel time spent in this place.
 C = Inter-level travel time spent in this place.
 D = Time resting spent in this place.
 E = Time spent auto-exploring this place.
 F = Levels seen in this place.
 G = Mean time per level.
                   A        B        C        D        E       F      G
               +--------+--------+--------+--------+--------+-----+--------+
         Total |   3612 |   3580 |     32 |    183 |   2181 |   4 |  903.0 |
       Dungeon |   3612 |   3580 |     32 |    183 |   2181 |   4 |  903.0 |
               +--------+--------+--------+--------+--------+-----+--------+

Top non-repeatable levels by time:
     D:2: 1376 daAuts
     D:1: 1240 daAuts
     D:3: 770 daAuts
     D:4: 224 daAuts
